 Dungeon Crawl Stone Soup version 0.28-a0-384-g9e0c098162 (webtiles) character file.

Game seed: 218993371725059879

2 Goblin1989 the Skirmisher (level 1, -2/18 HPs)
             Began as a Demonspawn Cinder Acolyte on Sept 2, 2021.
             Was an Initiate of Ignis.
             Killed from afar by a dart slug (3 damage)
             ... with a slug dart
             ... on level 1 of the Dungeon.
             The game lasted 00:02:04 (2133 turns).

Goblin1989 the Skirmisher (DsCA)                    Turns: 2133, Time: 00:02:05

Health: -2/18      AC:  2    Str: 14    XL:     1   Next: 25%
Magic:  2/2        EV: 11    Int: 15    God:    Ignis [......]
Gold:   0          SH:  0    Dex:  8    Spells: 2/2 levels left

rFire   + . .      SeeInvis .   a - -1 mace (flame)
rCold   . . .      Faith    .   (no shield)
rNeg    . . .      Spirit   .   b - +0 robe
rPois   .          Reflect  .   (no helmet)
rElec   .          Harm     .   (no cloak)
rCorr   .          Rampage  .   (no gloves)
Will    .....                   (no boots)
Stlth   +.........              (no amulet)
HPRegen 0.06/turn               (no ring)
MPRegen 0.08/turn               (no ring)

@: no status effects
A: no striking features
a: Renounce Religion


You were on level 1 of the Dungeon.
You worshipped Ignis.
Ignis was noncommittal.
You visited 1 branch of the dungeon, and saw 1 of its levels.

Inventory:

Hand Weapons
 a - a -1 mace of flaming (weapon)
Armour
 b - a +0 robe (worn)
Jewellery
 f - a ring of protection from fire
 s - a ring of see invisible
Scrolls
 t - a scroll of summoning {unknown}


   Skills:
 - Level 3.0 Fighting
 + Level 2.8 Maces & Flails
 - Level 1.0 Spellcasting
 - Level 2.6 Fire Magic


You had 2 spell levels left.
You didn't know any spells.
Your spell library contained the following spells:

 Spells                   Type           Power      Damage    Failure   Level
 Scorch                   Fire           16%        2d5       12%         2


Dungeon Overview and Level Annotations

Branches:
Dungeon (1/15)

Altars:


Message History

Unknown command.
A rat comes into view.
The rat barely misses you.
A rat is nearby!
A rat is nearby!
A rat is nearby!
A rat is nearby!
A rat is nearby!
A rat is nearby!
A rat is nearby!
You closely miss the rat. The rat barely misses you.
You hit the rat but do no damage. The rat completely misses you.
You closely miss the rat. The rat barely misses you.
You barely miss the rat. The rat barely misses you. The rat closely misses you.
You barely miss the rat. The rat bites you but does no damage.
You closely miss the rat. The rat closely misses you.
You barely miss the rat. The rat closely misses you. The rat barely misses you.
You hit the rat. You burn the rat.
You kill the rat!
Found 15 stones.
You see here 15 stones {@Q3}.
A giant cockroach comes into view.
You see here a ring of see invisible.
s - a ring of see invisible The giant cockroach closely misses you.
You hit the giant cockroach but do no damage.
The giant cockroach barely misses you.
You hit the giant cockroach but do no damage.
The giant cockroach bites you but does no damage.
The giant cockroach barely misses you.
You closely miss the giant cockroach. The giant cockroach bites you.
You take 2 damage, and have 16/18 hp.
You hit the giant cockroach. You burn the giant cockroach.
The giant cockroach is severely wounded.
The giant cockroach misses you.
The giant cockroach bites you but does no damage.
You hit the giant cockroach. You burn the giant cockroach.
You kill the giant cockroach!
HP restored.
Found 20 sling bullets.
Health restored: 18
Found a faded altar of an unknown god.
t - a scroll labelled RAGOFF AKUCHATS You see here 20 sling bullets.
A dart slug comes into view.
A dart slug is nearby!
A dart slug is nearby!
A dart slug is nearby!
A dart slug is nearby!
A dart slug is nearby!
The dart slug launches a dart at you. The slug dart misses you.
The dart slug closely misses you. The dart slug misses you.
The dart slug launches a dart at you. The slug dart hits you.
You take 3 damage, and have 15/18 hp.
The dart slug bites you.
You take 2 damage, and have 13/18 hp.
The dart slug bites you.
You take 3 damage, and have 10/18 hp.
The dart slug launches a dart at you. The slug dart misses you.
The dart slug bites you.
You take 1 damage, and have 9/18 hp.
The dart slug closely misses you. The dart slug misses you.
The dart slug bites you.
* * * LOW HITPOINT WARNING * * *
You take 1 damage, and have 8/18 hp.
The dart slug launches a dart at you. The slug dart misses you.
The dart slug closely misses you. The dart slug bites you.
* * * LOW HITPOINT WARNING * * *
You take 3 damage, and have 6/18 hp.
The dart slug launches a dart at you. The slug dart misses you.
The dart slug bites you.
* * * LOW HITPOINT WARNING * * *
You take 1 damage, and have 5/18 hp.
The dart slug launches a dart at you. The slug dart misses you.
The dart slug completely misses you. The dart slug bites you.
* * * LOW HITPOINT WARNING * * *
You take 3 damage, and have 2/18 hp.
The dart slug bites you.
* * * LOW HITPOINT WARNING * * *
You take 1 damage, and have 1/18 hp.
The dart slug barely misses you. The dart slug barely misses you.
The dart slug bites you but does no damage.
The dart slug bites you but does no damage.
The dart slug bites you.
* * * LOW HITPOINT WARNING * * *
You take 1 damage, and have 1/18 hp.
The dart slug launches a dart at you. The slug dart hits you.
You die...

███ ██ ███ ██ █.. ... ..█
█. ... ..█ █.█ █. █.█ █.█
█.█ █. █.█ █.█ ██.██ █.
█.█ █.███...██
██████.███.███.██.███.███
.......w@.........█ █...█
██████.███.█......███.█.█
█. █.████████..██.█ █.
█..█8^.█8█.███.█ █.
██.█.█.█.███ █(█ █.
█.█.....█ █.█ █.
█.....█.█ █.█ █.
██....████ █.█ █....⌂..█
█..


You could see a dart slug.

Vanquished Creatures
  A giant cockroach (D:1)
  A rat (D:1)
2 creatures vanquished.

Notes
Turn   | Place    | Note
-------+----------+-------------------------------------------
     0 | D:1      | Goblin1989 the Demonspawn Cinder Acolyte began the quest
                  | for the Orb.
     0 | D:1      | Reached XP level 1. HP: 18/18 MP: 2/2
  2069 | D:1      | Found a faded altar of an unknown god.
  2133 | D:1      | Killed from afar by a dart slug

Illustrated notes

Levels and vault maps discovered:
D:1:      lemuel_arrival_room, layout_loops_ring,
          shapermc_ecumenical_altar_mp_highgroup, nrook_campfire

Action                   || total
-------------------------++-------
Melee: Mace              ||    13
Invok: Sea of Fire       ||    17
Armor: Robe              ||     5
Dodge: Dodged            ||    26

Table legend: (Time is in decaauts)
 A = Elapsed time spent in this place.
 B = Non-inter-level travel time spent in this place.
 C = Inter-level travel time spent in this place.
 D = Time resting spent in this place.
 E = Time spent auto-exploring this place.
 F = Levels seen in this place.
 G = Mean time per level.
                   A        B        C        D        E       F      G
               +--------+--------+--------+--------+--------+-----+--------+
         Total |   2136 |   2136 |      0 |   1900 |     84 |   1 | 2136.0 |
       Dungeon |   2136 |   2136 |      0 |   1900 |     84 |   1 | 2136.0 |
               +--------+--------+--------+--------+--------+-----+--------+

Top non-repeatable levels by time:
     D:1: 2136 daAuts
